 Dungeon Crawl Stone Soup version 0.31-a0-271-gb88eb75e06 (webtiles) character file.

Game seed: 10725711489560485201

35984 Ofeo the Fighter (level 13, -2/118 HPs)
             Began as an Armataur Reaver on July 15, 2023.
             Was an Initiate of Yredelemnul.
             Slain by a meliai
             ... wielding a +0 hand axe
              (5 damage)
             ... on level 13 of the Dungeon.
             The game lasted 00:34:22 (15731 turns).

Ofeo the Fighter (Armataur Reaver)                 Turns: 15731, Time: 00:34:23

Health: -2/118     AC: 13    Str: 25    XL:     13   Next: 50%
Magic:  0/17       EV:  9    Int: 16    God:    Yredelemnul [......]
Gold:   384        SH:  0    Dex: 10    Spells: 14/15 levels left

rFire   + . .        a - +9 spear of Income {drain, rN+ Int+4}
rCold   + . .        (no shield)
rNeg    + . .        C - +0 chain mail
rPois   .            (helmet currently unavailable)
rElec   .            (cloak currently unavailable)
rCorr   .            (gloves currently unavailable)
SInv    .            (no barding)
Will    +....        N - amulet of guardian spirit Stlth
                     Z - +4 ring of protection
HPRegen 0.39/turn    c - ring of willpower
MPRegen 0.15/turn

%: guardian spirit, roll
@: lethally poisoned (-2 -> -11), beast-form, slowed, very slow
A: beast (slay +4), large, rugged brown scales 3, deformed body, armoured tail,
roll, long tongue, awkward tongue, horns 1, camouflage 1, cold resistance 1,
fire resistance 1, strong 1, inability to drink after injury 1
a: Begin Untransformation, Renounce Religion, Recall Undead Harvest


You were on level 13 of the Dungeon.
You worshipped Yredelemnul.
Yredelemnul was noncommittal.
You were a hulking beast.
You visited 2 branches of the dungeon, and saw 15 of its levels.
You also visited: Sewer and Bailey.

You collected 734 gold pieces.
You spent 350 gold pieces at shops.

Inventory:

Hand Weapons
 a - the +9 spear of Income (weapon) {drain, rN+ Int+4}
   (You found it on level 3 of the Dungeon)

   Int:       It affects your intelligence (+4).
   rN:        It protects you from negative energy.
 b - a +1 demon trident of venom
 I - a +3 halberd of electrocution
Missiles
 k - 10 javelins
 t - 5 boomerangs of dispersal
 E - 29 poisoned darts
Armour
 l - a +1 helmet
 n - a +0 cloak
 p - a +0 leather armour
 C - a +0 chain mail (worn)
 Y - a +1 hat
Jewellery
 c - a ring of willpower (right hand)
 j - a +6 ring of dexterity
 o - an amulet of the acrobat
 s - a ring of see invisible
 B - an amulet of reflection
 F - a ring of poison resistance
 H - a ring of protection from cold
 N - an amulet of guardian spirit (around neck)
 Z - a +4 ring of protection (left hand)
Talismans
 d - a beast talisman
 v - a serpent talisman
Wands
 m - a wand of roots (11)
 x - a wand of mindburst (8)
 O - a wand of charming (15)
 P - a wand of digging (8) {@v1}
 V - a wand of flame (13)
Scrolls
 i - 2 scrolls of identify {@r1}
 u - 3 scrolls of immolation
 y - 2 scrolls of revelation
 D - a scroll of teleportation {@r3}
 G - 2 scrolls of silence
 R - a scroll of fear
 S - a scroll of amnesia
 W - a scroll of fog
 X - a scroll of enchant armour
Potions
 e - 3 potions of degeneration
 f - 3 potions of enlightenment
 g - 3 potions of might {@q4}
 h - 6 potions of heal wounds {@q2}
 q - a potion of curing {@q1}
 r - 4 potions of haste {@q3}
 w - 4 potions of magic
 z - a potion of mutation
 J - 2 potions of invisibility
 K - 2 potions of brilliance
 L - 3 potions of cancellation
 M - a potion of resistance {@q6}
 Q - 3 potions of attraction {unknown}
 T - 2 potions of lignification
 U - a potion of berserk rage {unknown}


   Skills:
 + Level 9.0 Fighting
 - Level 2.6(6.4) Axes
 - Level 2.4(3.2) Maces & Flails
 * Level 8.9(9.1) Polearms
 + Level 7.6 Armour
 + Level 7.3 Dodging
 - Level 1.8 Spellcasting
 - Level 2.7 Conjurations
 + Level 5.2 Necromancy
 * Level 6.4 Invocations
 + Level 6.2 Evocations
 + Level 7.0 Shapeshifting


You had 14 spell levels left.
You knew the following spells:

 Your Spells              Type           Power      Damage    Failure   Level
a - Kiss of Death         Conj/Necr      56%        2d9       19%         1

Your spell library contained the following spells:

 Spells                   Type           Power      Damage    Failure   Level
 Necrotise                Necr           72%        1d7       12%         1
 Momentum Strike          Conj/Tloc      10%        3d8       63%         2
 Apportation              Tloc           2%         N/A       67%         1
 Summon Small Mammal      Summ           4%         N/A       67%         1
 Hailstorm                Conj/Ice       5%         3d4       86%         3
 Call Canine Familiar     Summ           1%         N/A       96%         3
 Portal Projectile        Hex/Tloc       2%         N/A       96%         3
 Vhi's Electric Charge    Tloc/Air       2%         N/A       96%         3
 Leda's Liquefaction      Hex/Erth       0%         N/A       100%        4
 Arcjolt                  Conj/Air       2%         1d12      100%        5
 Maxwell's Capacitive Co  Air            0%         ∞         100%        8


Dungeon Overview and Level Annotations

Branches:
Dungeon (14/15)            Temple (1/1) D:7            Lair (0/5) D:11
    Orc (0/2) D:12          Sewer (visited)          Bailey (visited)
 Vaults: D:13-14

Altars:
Ashenzari
Cheibriados
Dithmenos
Elyvilon
Fedhas
Gozag
Hepliaklqana
Kikubaaqudgha
Makhleb
Nemelex Xobeh
Okawaru
Qazlal
Ru
Sif Muna
Trog
Uskayaw
Vehumet
Wu Jian
Xom
Yredelemnul
Zin
The Shining One

Shops:
D:8 (   D:10 :

Annotations:
D:13 exclusion: zombie


Innate Abilities, Weirdness & Mutations

You are a hulking beast.
Your limbs bulge with bestial killing power. (Slay +4)
You are completely covered in rugged brown scales. (AC +3, +7% HP)
Armour fits poorly on your strangely shaped body.
You have a long armoured tail.
You roll when moving toward enemies. (Rampage)
Your long tongue fully drains potion bottles. (2x potion effects)
Your tongue gives you trouble enunciating. (1.5x scroll delay)
You have a pair of small horns on your head.
Your skin changes colour to match your surroundings (Stealth+).
Your flesh is cold resistant. (rC+)
Your flesh is heat resistant. (rF+)
Your muscles are strong. (Str +4, Int/Dex -1)
You occasionally lose the ability to drink potions when taking damage.


Message History

A wolf spider comes into view.
The wolf spider's many legs skitter.
There is a stone staircase leading down here.
You can drink potions again.
You climb downwards.
The green ugly thing gurgles horribly! x2; The vampire mosquito buzzes angrily. x3
You hear a horrible gurgling sound!
You hear a shout! x3
Found 3 stones.
There is a stone staircase leading up here.
Okay, then.
The vampire mosquito bites you but does no damage.
The vampire mosquito bites you!
The vampire mosquito draws strength from your injuries!
You climb upwards.
Level annotation: exclusion: zombie The wolf spider barely misses you.
The wolf spider bites you!
* * * LOW HITPOINT WARNING * * *
You are poisoned.
The wolf spider poisons you! The wraith hits you.
* * * LOW HITPOINT WARNING * * *
The wraith drains your vigour!
You feel yourself slow down. The wolf spider hits you!!
* * * LOW HITPOINT WARNING * * *
The wolf spider closely misses you.
There is a stone staircase leading down, spattered with blood here.
You take 39 damage, and have 12/118 hp.
MASSIVE DAMAGE!!
You now have 0/17 mp.
Blink to where?
Press: ? - help, Dir - move target As you slowly read the scroll of blinking {@r4}, it crumbles to dust.
* * * LOW HITPOINT WARNING * * *
You feel extremely sick.
The meliai buzzes angrily.
The meliai closely misses you.
The meliai stings you but does no damage.
The meliai hits you but does no damage.
The meliai stings you but does no damage.
The gargoyle hits you but does no damage.
The meliai hits you with a +0 hand axe.
You die...
Your body rises from the dead as a mindless zombie.

.....#.#....9# ..!.. |
.♣.♣.#.##.....#. ...
).♣..#.######.#. #.##
.♣.♣.#.####.....####..###
..~..#......#.....###...#### .
#.####..............###?...### ..
.....[..#####.....#.....##W..#..#
........# #...9.#####.y###.....
........# #..yh..s.y.y.........
<....#### #.....##########.....
###### #.....# #..... #.....#
###### #######


You could see a wolf spider, 2 vampire mosquitoes, a gargoyle and a meliai.

Vanquished Creatures
  A centaur warrior (D:12)
  An ogre mage (D:11)
  A boulder beetle (D:11)
  6 two-headed ogres
  2 cyclopes
  A deep elf pyromancer (D:12)
  2 ugly things
  A manticore (D:11)
  Maurice (D:12)
  A gargoyle (D:11)
  A komodo dragon (D:8)
  8 trolls
  2 meliai (D:13)
  2 dream sheep (D:13)
  Sigmund (D:3)
  A shadow (D:12)
  A wraith (D:11)
  A wyvern (D:8)
  A basilisk (D:12)
  9 yaks
  A steam dragon (D:5)
  Edmund (D:4)
  3 acid dragons (D:9)
  2 orc warriors
  4 water moccasins
  4 ice beasts
  A sky beast (D:8)
  3 black bears
  2 ogres (D:11)
  12 centaurs
  A wolf (D:8)
  4 kobold brigands
  5 bullfrogs
  4 scorpions
  A wight (D:6)
  3 killer bees
  A vampire bat (D:3)
  An electric eel (D:8)
  3 howler monkeys
  A centaur zombie (D:3)
  3 jellies
  3 lava snakes (D:9)
  A hound (D:6)
  3 orc priests
  3 gnoll boudas
  2 sleepcaps
  Jessica (D:2)
  2 iguanas
  Ijyb (D:3)
  Terence (D:3)
  4 orc wizards
  A centaur simulacrum (D:8)
  Robin (D:2)
  20 gnolls
  4 adders
  A river rat (D:6)
  A shadow imp (D:7)
  4 white imps
  An ufetubus (D:8)
  An adder skeleton (D:3)
  2 worms
  4 dart slugs
  3 fire bats (D:3)
  38 orcs
  2 spectral bats (D:3)
  10 ball pythons
  20 bats
  3 bat skeletons (D:3)
  A bat zombie (D:3)
  6 endoplasms
  6 giant cockroaches
  16 goblins
  14 hobgoblins
  8 quokkas
  2 ball python skeletons (D:3)
  A bat simulacrum (D:3)
  9 frilled lizards
  8 kobolds
  9 rats
321 creatures vanquished.

Vanquished Creatures (collateral kills)
  Gastronok (D:11)
  3 two-headed ogres (D:11)
  Urug (D:11)
  A cyclops (D:11)
  4 yaks
  An ice beast (D:8)
  An orc warrior (D:10)
  A centaur (D:12)
  A scorpion (D:11)
  A killer bee (D:8)
  A howler monkey (D:10)
  An orc wizard (D:10)
  An orc (D:9)
  3 goblins (D:8)
21 creatures vanquished.

Vanquished Creatures (others)
  A meliai zombie (D:13)
  A two-headed ogre zombie (D:11)
  A water moccasin zombie (D:11)
  A yak zombie (D:10)
  A wolf zombie (D:8)
  A bullfrog zombie (D:11)
  3 centaur zombies (D:11)
  A black bear zombie (D:11)
  2 scorpion zombies (D:11)
  An ogre zombie (D:11)
  A jelly zombie (D:8)
  2 spectral white imps (D:8)
  3 gnoll zombies (Bailey)
  2 kobold zombies
  2 orc zombies (Bailey)
  A spectral ufetubus (D:8)
24 creatures vanquished.

Grand Total: 366 creatures vanquished

Notes
Turn   | Place    | Note
-------+----------+-------------------------------------------
     0 | D:1      | Ofeo the Armataur Reaver began the quest for the Orb.
     0 | D:1      | Reached XP level 1. HP: 18/18 MP: 3/3
   380 | D:1      | Reached skill level 2 in Fighting
   380 | D:1      | Reached XP level 2. HP: 19/25 MP: 4/4
  1195 | D:1      | Reached XP level 3. HP: 30/31 MP: 5/5
  1387 | D:2      | Noticed Robin
  1432 | D:2      | Killed Robin
  1433 | D:2      | Reached skill level 1 in Shapeshifting
  1635 | D:2      | Reached XP level 4. HP: 17/39 MP: 6/6
  1906 | D:2      | Reached skill level 1 in Maces & Flails
  2003 | D:2      | Noticed Jessica
  2012 | D:2      | Killed Jessica
  2315 | D:3      | Noticed Terence
  2320 | D:3      | Noticed Ijyb
  2336 | D:3      | Killed Terence
  2337 | D:3      | Reached XP level 5. HP: 26/47 MP: 7/7
  2341 | D:3      | Killed Ijyb
  2388 | D:3      | Reached skill level 3 in Fighting
  2564 | D:3      | Noticed Sigmund
  2573 | D:3      | Killed Sigmund
  2574 | D:3      | Reached XP level 6. HP: 40/54 MP: 8/8
  2788 | D:3      | Found a faded altar of an unknown god.
  2928 | D:3      | Identified the +9 spear of Income {drain, rN+ Int+4}
  3073 | D:3      | Reached XP level 7. HP: 62/62 MP: 9/9
  3281 | D:4      | Found a shimmering blue altar of Sif Muna.
  3735 | D:4      | Noticed Edmund
  3745 | D:4      | Killed Edmund
  3746 | D:4      | Reached skill level 4 in Fighting
  3955 | D:5      | Entered Level 5 of the Dungeon
  3957 | D:5      | Reached skill level 1 in Polearms
  3967 | D:5      | Noticed a steam dragon
  3974 | D:5      | Killed a steam dragon
  4085 | D:5      | Reached XP level 8. HP: 66/71 MP: 10/10
  4448 | D:5      | Reached skill level 5 in Fighting
  4909 | D:6      | Found a hide-covered altar of Uskayaw.
  5106 | D:6      | Found a glowing drain.
  5110 | Sewer    | Entered a sewer
  5954 | D:7      | Found a bloodstained altar of Trog.
  5957 | D:7      | Found a hazy altar of Hepliaklqana.
  6121 | D:7      | Reached XP level 9. HP: 49/80 MP: 11/11
  6260 | D:7      | Noticed a cyan ugly thing
  6261 | D:7      | Gained mutation: You occasionally lose the ability to drink
                  | potions when taking damage. [potion of mutation]
  6261 | D:7      | Gained mutation: You have a pair of small horns on your
                  | head. [potion of mutation]
  6261 | D:7      | Gained mutation: Your muscles are strong. (Str +4, Int/Dex
                  | -1) [potion of mutation]
  6261 | D:7      | Gained mutation: Your flesh is cold resistant. (rC+)
                  | [potion of mutation]
  6261 | D:7      | Gained mutation: Your flesh is heat resistant. (rF+)
                  | [potion of mutation]
  6261 | D:7      | Gained mutation: Your skin changes colour to match your
                  | surroundings (Stealth+). [potion of mutation]
  6268 | D:7      | Killed a cyan ugly thing
  6274 | D:7      | Reached skill level 6 in Fighting
  6276 | D:7      | Reached skill level 5 in Dodging
  7304 | D:7      | Found a staircase to the Ecumenical Temple.
  7509 | Temple   | Entered the Ecumenical Temple
  7593 | Temple   | Became a worshipper of Yredelemnul the Dark
  7675 | D:8      | Noticed a komodo dragon
  7682 | D:8      | Killed a komodo dragon
  7683 | D:8      | Reached skill level 1 in Armour
  7713 | D:8      | Noticed a two-headed ogre
  7738 | D:8      | Killed a two-headed ogre
  7739 | D:8      | Reached skill level 1 in Necromancy
  7739 | D:8      | Reached skill level 1 in Invocations
  7739 | D:8      | Reached skill level 1 in Evocations
  7739 | D:8      | Reached skill level 5 in Shapeshifting
  7785 | D:8      | Reached * piety under Yredelemnul
  7864 | D:8      | Found Noytosuv's Weapon Shoppe.
  7874 | D:8      | Bought a +1 demon trident of venom for 350 gold pieces
  7914 | D:8      | Reached ** piety under Yredelemnul
  7915 | D:8      | Reached XP level 10. HP: 68/89 MP: 12/12
  7918 | D:8      | Reached skill level 5 in Polearms
  7948 | D:8      | Found a flagged portal.
  8070 | Bailey   | Entered a bailey
  8669 | Bailey   | Reached skill level 7 in Fighting
  8669 | Bailey   | Reached skill level 5 in Armour
  8669 | Bailey   | Reached XP level 11. HP: 97/97 MP: 12/14
  8669 | Bailey   | Reached XP level 12. HP: 105/105 MP: 12/15
  8858 | D:8      | Reached skill level 8 in Fighting
  9435 | D:8      | Found a sparkling altar of Nemelex Xobeh.
  9547 | D:8      | Noticed a two-headed ogre
  9561 | D:8      | Killed a two-headed ogre
  9667 | D:8      | Found a burning altar of Makhleb.
  9668 | D:8      | Found a glowing golden altar of the Shining One.
 10230 | D:9      | Found a broken altar of Ashenzari.
 10631 | D:9      | Reached *** piety under Yredelemnul
 10865 | D:9      | Reached skill level 5 in Invocations
 10914 | D:9      | Noticed a two-headed ogre
 10921 | D:9      | Killed a two-headed ogre
 10928 | D:9      | Reached **** piety under Yredelemnul
 11061 | D:9      | Found a blossoming altar of Fedhas.
 11062 | D:9      | Found an ancient bone altar of Kikubaaqudgha.
 11288 | D:9      | Reached ***** piety under Yredelemnul
 11315 | D:9      | Reached skill level 5 in Evocations
 11785 | D:10     | Entered Level 10 of the Dungeon
 12242 | D:10     | Found Natt's Book Emporium.
 12774 | D:11     | Noticed a two-headed ogre
 12778 | D:11     | Killed a two-headed ogre
 12822 | D:11     | Found a staircase to the Lair.
 13038 | D:11     | Noticed Urug
 13049 | D:11     | Killed Urug
 13219 | D:11     | Noticed a two-headed ogre
 13219 | D:11     | Noticed a two-headed ogre
 13220 | D:11     | Noticed a two-headed ogre
 13221 | D:11     | Noticed a two-headed ogre
 13221 | D:11     | Noticed a two-headed ogre
 13224 | D:11     | Killed a two-headed ogre
 13228 | D:11     | Killed a two-headed ogre
 13229 | D:11     | Killed a two-headed ogre
 13230 | D:11     | Reached XP level 13. HP: 115/115 MP: 13/17
 13694 | D:11     | Noticed Gastronok
 13708 | D:11     | Killed Gastronok
 13709 | D:11     | Reached skill level 5 in Necromancy
 14053 | D:12     | Noticed Maurice
 14055 | D:12     | Killed Maurice
 14521 | D:12     | Found a staircase to the Orcish Mines.
 15702 | D:13     | Reached skill level 9 in Fighting
 15710 | D:13     | HP: 5/118 [cyclops/large rock (13)]
 15710 | D:13     | HP: 2/118 [tengu conjurer (3)]
 15731 | D:13     | HP: 3/118 [poisoned by a wolf spider]
 15731 | D:13     | Slain by a meliai

Illustrated notes

Levels and vault maps discovered:
D:1:      dpeg_arrival_short_road, layout_basic, minmay_misc_feat_doors,
          chequers_avenue, hangedman_decor_push
D:2:      layout_loops_cross, chequers_serial_rivers_micro_b,
          kennysheep_jessica_study, uniq_robin
D:3:      layout_rooms, serial_undead, serial_undead_d, serial_undead_d,
          serial_undead_d, serial_undead_f,
          dreamdust_ecumenical_altar_angels_and_demons, goddamned_bats,
          uniq_sigmund, uniq_ijyb, uniq_terence
D:4:      layout_rooms, mainiacjoe_overflow_paths, nicolae_figureground_sparkle,
          uniq_edmund
D:5:      layout_cave_pools
D:6:      layout_cave_pools, marbit_many_paths, gup_sewer_entry_spiral,
          minmay_misc_feat_hallway
D:7:      layout_cave_pools, mainiacjoe_overflow_large_starburst,
          minmay_temple_entry_antechambers, minmay_misc_feat_iff,
          minmay_chambers_of_fives
D:8:      layout_basic, nemelex_spade_bored_becter, nicolae_overflow_squiral,
          serial_shops, shop, serial_ice, serial_ice_l, serial_ice_o,
          serial_ice_e, serial_ice_n, enter_bailey_3, serial_bayou_pond_e,
          st_stairs_4
D:9:      layout_basic, grunt_temple_overflow_growth_and_decay,
          mainiacjoe_overflow_boulevard, grunt_decor_junction,
          minmay_misc_feat_more_columns
D:10:     layout_roguey, serial_shops, shop
D:11:     layout_roguey, due_lair_maze_entry_diamond, uniq_gastronok, uniq_urug
D:12:     layout_stronghold, orc_0_dummy, uniq_maurice
D:13:     layout_rooms, hangedman_ranch
D:14:     layout_basic, hangedman_vaults_entry_quadrant_bands,
          bh_walls_and_bars, uniq_jorgrun, uniq_josephine, uniq_roxanne
Temple:   nicolae_temple_hex_pool

Skill      XL: |  1  2  3  4  5  6  7  8  9 10 11 12 13 |
---------------+----------------------------------------+-----
Fighting       | 2 3 4 5 6 7 8 9 |  9.0
Shapeshifting  | 1 2 3 4 5 6 7 |  7.0
Dodging        | 2 3 4 5 6 7 |  7.3
Maces & Flails | 1 2 |  2.4
Polearms       | 1 3 4 7 8 |  8.9
Armour         | 2 5 6 7 |  7.6
Necromancy     | 1 3 4 5 |  5.2
Invocations    | 1 4 5 6 |  6.4
Evocations     | 1 4 5 6 |  6.2
Axes           | |  2.6
Spellcasting   | |  1.8
Conjurations   | |  2.7

Action                     |  1- 3 |  4- 6 |  7- 9 | 10-12 | 13-15 || total
---------------------------+-------+-------+-------+-------+-------++-------
  Melee: Hand axe          |    59 |       |       |       |       ||    59
         Tailslap          |    17 |    13 |    32 |    29 |    17 ||   108
         Punch             |     2 |     2 |     3 |     1 |     1 ||     9
         Whip              |    57 |   140 |     7 |       |       ||   204
         Club              |       |    11 |       |       |       ||    11
         Spear             |       |       |   251 |   220 |   112 ||   583
         Headbutt          |       |       |    16 |    32 |    17 ||    65
  Throw: Javelin           |       |       |     3 |       |       ||     3
 Invoke: Dark Bargain      |       |       |       |     2 |     1 ||     3
  Evoke: Wand              |       |       |     1 |     8 |     2 ||    11
    Use: Scroll            |     1 |     2 |    13 |     7 |     6 ||    29
         Potion            |     1 |     1 |     3 |     1 |     2 ||     8
   Stab: Invisible         |     3 |       |       |       |       ||     3
         Sleeping          |       |       |     5 |       |       ||     5
         Distracted        |       |       |     1 |     3 |     2 ||     6
 Armour: Leather armour    |    42 |    74 |    50 |       |       ||   166
         Chain mail        |       |       |    11 |    30 |    60 ||   101
  Dodge: Dodged            |    66 |   124 |   154 |    67 |    45 ||   456
   Form: Beast             |     1 |       |       |       |       ||     1

Table legend: (Time is in decaauts)
 A = Elapsed time spent in this place.
 B = Non-inter-level travel time spent in this place.
 C = Inter-level travel time spent in this place.
 D = Time resting spent in this place.
 E = Time spent auto-exploring this place.
 F = Levels seen in this place.
 G = Mean time per level.
                   A        B        C        D        E       F      G
               +--------+--------+--------+--------+--------+-----+--------+
         Total |  15619 |  15044 |    575 |   1518 |  10743 |  17 |  918.8 |
       Dungeon |  14517 |  13983 |    534 |   1214 |  10385 |  14 | 1036.9 |
        Temple |    114 |     73 |     41 |      0 |     61 |   1 |  114.0 |
         Sewer |    272 |    272 |      0 |      0 |    178 |   1 |  272.0 |
        Bailey |    715 |    715 |      0 |    304 |    119 |   1 |  715.0 |
               +--------+--------+--------+--------+--------+-----+--------+

Top non-repeatable levels by time:
     D:9: 1718 daAuts
     D:8: 1654 daAuts
     D:6: 1533 daAuts
    D:12: 1495 daAuts
    D:11: 1403 daAuts
     D:1: 1381 daAuts
     D:2: 934 daAuts
     D:7: 926 daAuts
     D:3: 918 daAuts
     D:5: 844 daAuts
    D:10: 738 daAuts
     D:4: 730 daAuts
  Bailey: 715 daAuts
   Sewer: 272 daAuts
    D:13: 235 daAuts
